 Dungeon Crawl Stone Soup version 0.20.1-1-g8b1a95d (webtiles) character file.

36 letownia2 the Grave Robber (level 3, -4/28 HPs)
             Began as a Deep Dwarf Necromancer on Dec 27, 2017.
             Slain by Edmund
             ... wielding a +0 dire flail of holy wrath
              (12 damage)
             ... on level 4 of the Dungeon.
             The game lasted 00:02:47 (966 turns).

letownia2 the Grave Robber (Deep Dwarf Necromancer)  Turns: 966, Time: 00:02:48

Health: -4/28      AC:  5    Str: 11    XL:     3   Next: 19%
Magic:  1/6        EV: 11    Int: 21    God:
Gold:   59         SH:  0    Dex: 13    Spells: 2/6 levels left

rFire    . . .     SeeInvis .   a - +9 mace "Trog's No More Talking" {flame, Int+5}
rCold    . . .     Gourm    .   (no shield)
rNeg     . . .     Faith    .   m - +0 ring mail
rPois    .         Spirit   .   (no helmet)
rElec    .         Reflect  .   (no cloak)
rCorr    .         Harm     .   (no gloves)
MR       .....                  (no boots)
Stlth    +.........             (no amulet)
Regen    0.0/turn               (no ring)
MPRegen  0.1/turn               (no ring)

@: very slightly contaminated, non-regenerating
A: damage resistance, heal wounds, sense surroundings 1, no regeneration
a: Heal Wounds


You were on level 4 of the Dungeon.
You were hungry.

You visited 1 branch of the dungeon, and saw 4 of its levels.

You collected 59 gold pieces.

Inventory:

Hand Weapons
 a - the +9 mace "Trog's No More Talking" (weapon) {flame, Int+5}
   (You found it on level 4 of the Dungeon)

   It has been specially enchanted to burn those struck by it, causing extra
   injury to most foes and up to half again as much damage against particularly
   susceptible opponents.
   It affects your intelligence (+5).
 f - a +0 short sword
Missiles
 i - 19 bolts
Armour
 j - a +0 leather armour
 m - a +0 ring mail (worn)
Scrolls
 d - 2 scrolls of identify {unknown}
Potions
 e - a potion of lignification {unknown}
 g - a potion of degeneration {unknown}
 h - 2 potions of curing {unknown}
 k - a potion of might {unknown}
 l - a potion of invisibility {unknown}
Books
 b - a book of Necromancy

   Spells                             Type                      Level
   a - Pain                           Necromancy                   1
   b - Animate Skeleton               Necromancy                   1
   c - Vampiric Draining              Necromancy                   3
   d - Regeneration                   Charms/Necromancy            3
   e - Animate Dead                   Necromancy                   4
   f - Control Undead                 Necromancy                   4
Comestibles
 c - a bread ration


   Skills:
 - Level 2.1 Dodging
 - Level 2.4 Stealth
 - Level 2.2 Spellcasting
 + Level 5.2 Necromancy


You had 2 spell levels left.
You knew the following spells:

 Your Spells              Type           Power        Failure   Level  Hunger
a - Pain                  Necr           ###.         4%          1    #......
v - Vampiric Draining     Necr           ###.......   12%         3    ###....


Dungeon Overview and Level Annotations

Branches:
Dungeon (4/15)
 Temple: D:4-7

Altars:
Cheibriados
Qazlal
Uskayaw
Xom

Annotations:
D:4 1 runed door, Edmund


Innate Abilities, Weirdness & Mutations

You are resistant to damage.
You can heal yourself by infusing magical energy.
You passively map a small area around you.
You do not regenerate.


Message History

Edmund writhes in agony!
Unknown command.
Unknown command.
Casting: Pain
Confirm with . or Enter, or press ? or * to list all spells.
Aiming: Vampiric Draining
Press: ? - help, Shift-Dir - straight line, f/p - Edmund
Aim: Edmund, wielding a dire flail of holy wrath and wearing a chain mail (severely wounded)
You miscast Vampiric Draining.
You are very lightly contaminated with residual magic.
You sense a malignant aura.
Edmund hits you with a dire flail of holy wrath!
* * * LOW HITPOINT WARNING * * *
Unknown command.
Unknown command.
Unknown command.
Unknown command.
You see here a robe.
Edmund hits you with a dire flail of holy wrath!
You die...

...## ♣...♣♣ ....#
♣....♣ ##.## #'..+# ,
#.# #....# ,* ### #.#
##...# , ,..#
#.######.##########.#
#...........[.....#.#
#..#############@#..##
##..# #......@###..#
....# #.######(#...#
##.## ##.# ##.#..#
#.######..# #.....##
#...[.....# ###......#
########..# #........#
#..# #.......<# #..#
#........#
#>.####.#...#..#


You could see Edmund.

Vanquished Creatures
  A worker ant (D:4)
  An adder (D:2)
  A goblin (D:1)
  A hobgoblin (D:2)
  A ball python (D:1)
  A frilled lizard (D:1)
  A kobold (D:2)
7 creatures vanquished.

Notes
Turn   | Place    | Note
-------+----------+-------------------------------------------
     0 | D:1      | letownia2 the Deep Dwarf Necromancer began the quest for the Orb.
     0 | D:1      | Reached XP level 1. HP: 15/15 MP: 3/3
   264 | D:2      | Reached XP level 2. HP: 22/22 MP: 0/5
   363 | D:4      | Found a hide-covered altar of Uskayaw.
   472 | D:4      | Found a runed door.
   507 | D:3      | Found a shimmering altar of Xom.
   618 | D:4      | Found a stormy altar of Qazlal.
   642 | D:4      | Reached skill level 5 in Necromancy
   642 | D:4      | Reached XP level 3. HP: 28/28 MP: 0/6
   647 | D:4      | Learned a level 3 spell: Vampiric Draining
   744 | D:4      | Got a transparent mace
   745 | D:4      | Identified the +9 mace "Trog's No More Talking" {flame, Int+5} (You found it on level 4 of the Dungeon)
   839 | D:4      | Found a snail-covered altar of Cheibriados.
   845 | D:4      | Noticed Edmund
   966 | D:4      | Slain by Edmund

Skill      XL: |  1  2 |
---------------+-------+-----
Spellcasting   | 2 |  2.2
Necromancy     | 5 |  5.2
Dodging        | |  2.1
Stealth        | |  2.4

Action                   || total
-------------------------++-------
Melee: Short sword       ||     1
       Mace              ||     1
 Cast: Pain              ||    19
       Vampiric Draining ||     4
 Stab: Sleeping          ||     1
Armor: Leather armour    ||     1
       Ring mail         ||     2
Dodge: Dodged            ||     1
